Canadiens vs Flames
Created - March 2, 2022 at 21:13
Goals
|
| Canadiens |
0 |
3 |
0 |
3 |
| Flames |
2 |
4 |
2 |
8 |
|
Shots
|
| Canadiens |
8 |
12 |
8 |
28 |
| Flames |
10 |
22 |
18 |
50 |
|
1st period
1. Flames , Patrik Berglund 11 (Brad Marchand 11, Brendan Mikkelson 3) at 2:39
2. Flames , Erik Johnson 5 (Kyle Palmieri 3) at 10:23
Penalties :
Brian Dumoulin (Mon) for Hooking (Minor) at 12:01
2nd period
3. Flames , Jimmy Hayes 14 (Sami Vatanen 9, Colin Wilson 10) at 1:30
4. Canadiens , Chris Kreider 24 (Travis Hamonic 13, Evgeni Malkin 26) at 1:36
5. Canadiens , Brady Skjei 7 (Evgeni Malkin 27, Chris Kreider 25) at 5:03
6. Flames , Alexander Semin 12 (David Backes 22) at 9:47 (PP)
7. Flames , David Backes 16 (Eric Staal 25) at 12:31
8. Flames , Colin Wilson 7 (Tanner Pearson 4, Brendan Mikkelson 4) at 18:03
9. Canadiens , Chris Kreider 25 (Phil Kessel 21, Travis Hamonic 14) at 19:34
Penalties :
Phil Kessel (Mon) for Roughing (Minor) at 9:42
3rd period
10. Flames , Anders Lee 4 (Colby Robak 3, Henrik Lundqvist) at 9:30
11. Flames , Kyle Palmieri 3 (David Ullstrom 3, Anders Lee 4) at 17:20
Penalties :
Phil Kessel (Mon) for Cross-checking (Minor) at 0:16, Erik Johnson (Cal) for Holding (Minor) at 6:54, Daniel Carcillo (Mon) for Slashing (Minor) at 11:49, Christian Folin (Cal) for Tripping (Minor) at 17:41, Chris Kreider (Mon) for Roughing (Minor) at 17:48
Goalie Stats
Allen York (Mon), 27 saves from 31 shots - (0.871), 30:13 minutes
Kristers Gudlevskis (Mon), 15 saves from 19 shots - (0.789), L, 19-9-3, 29:47 minutes
Henrik Lundqvist (Cal), 25 saves from 28 shots - (0.893), W, 16-11-2, 60:00 minutes
Players Stats for Canadiens
Player Name G A P +/- PIM S H SB GA TA FO MP PP MP PK MP
------------------------------------------------------------------------------------
Brady Skjei 1 0 1 -1 0 3 0 1 0 0 0/0 22:22 1:23 0:00
Brian Dumoulin 0 0 0 -2 2 2 1 0 0 1 0/0 15:28 0:00 0:07
Bryce Lampman 0 0 0 -1 0 0 1 1 0 0 0/0 20:15 0:43 4:08
Chris Kreider 2 1 3 1 2 5 1 1 0 0 2/5 20:20 1:08 1:28
Daniel Carcillo 0 0 0 -3 2 0 0 1 1 1 0/0 13:50 0:00 2:30
Dave Bolland 0 0 0 -1 0 4 3 2 0 0 5/14 12:22 0:00 3:36
Evgeni Malkin 0 2 2 2 0 3 1 1 0 1 12/31 20:41 0:57 1:23
Greg Stewart 0 0 0 -1 0 2 1 1 0 0 0/0 17:45 0:57 1:08
Jiri Sekac 0 0 0 -1 0 0 0 0 0 0 0/0 7:59 0:00 0:00
Jordan Szwarz 0 0 0 -4 0 1 1 1 0 0 0/1 11:29 0:00 1:03
Mark Stuart 0 0 0 -1 0 0 0 1 0 1 0/0 20:34 0:00 4:15
Mika Zibanejad 0 0 0 -1 0 2 1 0 0 0 5/9 15:28 1:09 0:07
Nick Spaling 0 0 0 -4 0 0 1 0 0 0 4/8 11:29 0:00 1:03
Phil Kessel 0 1 1 2 4 1 0 1 1 0 1/3 17:53 1:09 0:00
Philip Larsen 0 0 0 -2 0 1 0 2 0 0 0/0 17:04 0:43 1:54
Pierre-Marc Bouchard 0 0 0 -1 0 0 0 0 0 0 0/0 7:59 0:00 0:00
Steve Downie 0 0 0 -1 0 1 2 0 0 0 0/0 14:34 0:57 0:00
Travis Hamonic 0 2 2 -1 0 3 4 1 0 2 0/0 24:22 1:23 1:54
Players Stats for Flames
Player Name G A P +/- PIM S H SB GA TA FO MP PP MP PK MP
------------------------------------------------------------------------------------
Alexander Semin 1 0 1 -2 0 4 3 1 1 0 1/1 22:37 3:43 0:51
Anders Lee 1 1 2 2 0 6 0 0 0 1 3/6 12:34 0:00 0:19
Brad Marchand 0 1 1 3 0 2 3 0 0 0 0/0 13:14 0:00 0:13
Brendan Mikkelson 0 2 2 0 0 1 0 1 0 0 0/0 16:36 0:00 1:05
Bryan Rust 0 0 0 1 0 0 0 2 0 0 1/2 15:10 0:03 1:07
Christian Folin 0 0 0 0 2 2 0 1 0 0 0/0 19:08 3:08 1:24
Colby Robak 0 1 1 1 0 1 1 0 0 0 0/0 13:25 0:00 1:13
Colin Wilson 1 1 2 2 0 3 1 1 0 0 5/10 9:57 1:27 0:00
David Backes 1 1 2 -2 0 6 1 0 0 0 2/2 22:03 3:42 0:00
David Ullstrom 0 1 1 2 0 3 2 0 0 0 0/0 11:42 0:00 0:00
Eric Staal 0 1 1 -2 0 5 1 0 0 1 21/35 22:21 3:42 0:18
Erik Johnson 1 0 1 3 2 7 1 2 1 0 0/0 27:51 3:02 0:07
Esa Lindell 0 0 0 1 0 0 0 2 2 0 0/0 19:30 3:07 0:23
Jimmy Hayes 1 0 1 2 0 1 1 0 1 0 0/0 6:56 0:57 0:00
Kyle Palmieri 1 1 2 2 0 3 0 0 0 0 0/0 12:00 0:00 0:18
Patrik Berglund 1 0 1 3 0 3 1 0 0 0 9/15 16:56 2:26 1:06
Sami Vatanen 0 1 1 3 0 0 0 2 1 0 0/0 24:02 3:02 0:00
Tanner Pearson 0 1 1 1 0 3 0 0 0 0 0/0 9:58 2:26 0:00
3 Stars
1 - Colin Wilson (Cal)
2 - Kyle Palmieri (Cal)
3 - Anders Lee (Cal)
Power Play
Canadiens - 0 on 2 Attempt(s) - 0.00%
Flames - 1 on 5 Attempt(s) - 20.00%
Penalty Kill
Canadiens - 4 on 5 Attempt(s) - 80.00%
- Score 0 goal in Penalty Kill
Flames - 2 on 2 Attempt(s) - 100.00%
- Score 0 goal in Penalty Kill
Team Stat
Canadiens - Hits : 17 - Faceoff Wins : 29 - Blocked Shots : 14 - Penalty Minutes : 10
Flames - Hits : 15 - Faceoff Wins : 42 - Blocked Shots : 12 - Penalty Minutes : 4
Official
Referees : Beaudry Halkidis and Brandon Blandina
Linesman : Ryan Daisy and Bevan Mills
Game Notes
14:43 of 1st period - Canadiens goal is going for a video replay. After video review, No Goal. The goalkeeper has been pushed into the net together with the puck after making a save.
Jimmy Hayes is injured at 4:45 of 2nd period (Back Spasms)
Allen York enters game at 9:47 of 2nd period
Finance
Level 1 -- Attendance: 5507 (91.78%) -- Ticket Income $550,700
Level 2 -- Attendance: 4759 (95.18%) -- Ticket Income $285,540
Level 3 -- Attendance: 1820 (91.00%) -- Ticket Income $63,700
Level 4 -- Attendance: 4000 (100.00%) -- Ticket Income $100,000
Luxury Box -- Attendance: 1000 (100.00%) -- Ticket Income $200,000
Game was played at the Scotiabank Saddledome.
Total Attendance: 17086 (94.92%)
Total Ticket Income: $1,199,940
Other Income: $179,991
Total Income: $1,379,931
Canadiens
5 vs 5 Forward
Center Left Wing Right Wing Time % Phy DF OF
1 Evgeni Malkin Chris Kreider Phil Kessel 40 0 1 4
2 Mika Zibanejad Greg Stewart Steve Downie 30 0 1 4
3 Nick Spaling Daniel Carcillo Jordan Szwarz 20 0 2 3
4 Dave Bolland Jiri Sekac Pierre-Marc Bouchard 10 0 3 2
5 vs 5 Defense
Defense Defense Time % Phy DF OF
1 Travis Hamonic Brady Skjei 40 0 2 3
2 Bryce Lampman Mark Stuart 30 0 2 3
3 Philip Larsen Brian Dumoulin 20 0 3 2
4 Travis Hamonic Brady Skjei 10 0 2 3
PowerPlay Forward
Center Left Wing Right Wing Time % Phy DF OF
1 Mika Zibanejad Chris Kreider Phil Kessel 60 0 1 4
2 Evgeni Malkin Greg Stewart Steve Downie 40 0 1 4
PowerPlay Defense
Defense Defense Time % Phy DF OF
1 Travis Hamonic Brady Skjei 60 0 1 4
2 Philip Larsen Bryce Lampman 40 0 1 4
Penalty Kill 4 Players Forward
Center Wing Time % Phy DF OF
1 Dave Bolland Daniel Carcillo 60 0 3 2
2 Nick Spaling Jordan Szwarz 40 0 3 2
Penalty Kill 4 Players Defense
Defense Defense Time % Phy DF OF
1 Bryce Lampman Mark Stuart 60 0 3 2
2 Philip Larsen Travis Hamonic 40 0 3 2
Penalty Kill - 3 Players Forward
Forward Time % Phy DF OF
1 Dave Bolland 60 1 4 0
2 Nick Spaling 40 0 4 1
Penalty Kill - 3 Players Defense
Defense Defense Time % Phy DF OF
1 Travis Hamonic Mark Stuart 60 0 4 1
2 Bryce Lampman Brian Dumoulin 40 0 4 1
4 vs 4 Forward
Center Wing Time % Phy DF OF
1 Evgeni Malkin Chris Kreider 60 0 2 3
2 Mika Zibanejad Phil Kessel 40 0 2 3
4 vs 4 Defense
Defense Defense Time % Phy DF OF
1 Travis Hamonic Brady Skjei 60 0 2 3
2 Brian Dumoulin Mark Stuart 40 0 2 3
Last Minutes Offensive
Center Left Wing Right Wing Defense Defense
Evgeni Malkin Chris Kreider Phil Kessel Travis Hamonic Brady Skjei
Last Minutes Defensive
Center Left Wing Right Wing Defense Defense
Evgeni Malkin Chris Kreider Phil Kessel Travis Hamonic Brady Skjei
Goaltenders
Starting : Kristers Gudlevskis
Backup : Allen York
Extra Forwards
Normal : Chris Kreider, Phil Kessel, Evgeni Malkin - PP : Chris Kreider, Mika Zibanejad - PK : Daniel Carcillo
Extra Defensemen
Normal : Brady Skjei, Travis Hamonic, Brian Dumoulin - PP : Brady Skjei - PK : Travis Hamonic, Mark Stuart
Penalty Shots
Evgeni Malkin, Chris Kreider, Phil Kessel, Mika Zibanejad, Greg Stewart
Scratches
None
Flames
5 vs 5 Forward
Center Left Wing Right Wing Time % Phy DF OF
1 Eric Staal Alexander Semin David Backes 40 1 2 2
2 Patrik Berglund Brad Marchand Jimmy Hayes 30 1 2 2
3 Colin Wilson Tanner Pearson Bryan Rust 20 1 2 2
4 Anders Lee David Ullstrom Kyle Palmieri 10 1 2 2
5 vs 5 Defense
Defense Defense Time % Phy DF OF
1 Erik Johnson Sami Vatanen 40 1 2 2
2 Esa Lindell Christian Folin 31 1 2 2
3 Colby Robak Brendan Mikkelson 22 1 2 2
4 Erik Johnson Brendan Mikkelson 7 1 2 2
PowerPlay Forward
Center Left Wing Right Wing Time % Phy DF OF
1 Eric Staal Alexander Semin David Backes 60 1 1 3
2 Patrik Berglund Tanner Pearson Jimmy Hayes 40 1 2 2
PowerPlay Defense
Defense Defense Time % Phy DF OF
1 Erik Johnson Sami Vatanen 60 1 1 3
2 Esa Lindell Christian Folin 40 1 2 2
Penalty Kill 4 Players Forward
Center Wing Time % Phy DF OF
1 Patrik Berglund Bryan Rust 60 1 2 2
2 Eric Staal Kyle Palmieri 40 1 2 2
Penalty Kill 4 Players Defense
Defense Defense Time % Phy DF OF
1 Erik Johnson Brendan Mikkelson 60 1 2 2
2 Colby Robak Christian Folin 40 1 2 2
Penalty Kill - 3 Players Forward
Forward Time % Phy DF OF
1 Brad Marchand 60 1 2 2
2 Bryan Rust 40 1 2 2
Penalty Kill - 3 Players Defense
Defense Defense Time % Phy DF OF
1 Erik Johnson Brendan Mikkelson 60 1 2 2
2 Colby Robak Christian Folin 40 1 2 2
4 vs 4 Forward
Center Wing Time % Phy DF OF
1 Eric Staal David Backes 60 1 2 2
2 Patrik Berglund Alexander Semin 40 1 2 2
4 vs 4 Defense
Defense Defense Time % Phy DF OF
1 Erik Johnson Sami Vatanen 60 1 2 2
2 Esa Lindell Christian Folin 40 1 2 2
Last Minutes Offensive
Center Left Wing Right Wing Defense Defense
Eric Staal Alexander Semin David Backes Erik Johnson Sami Vatanen
Last Minutes Defensive
Center Left Wing Right Wing Defense Defense
Eric Staal Alexander Semin David Backes Erik Johnson Sami Vatanen
Goaltenders
Starting : Henrik Lundqvist
Backup : Christopher Gibson
Extra Forwards
Normal : Brad Marchand, Bryan Rust, Colin Wilson - PP : Tanner Pearson, Colin Wilson - PK : Alexander Semin
Extra Defensemen
Normal : Esa Lindell, Christian Folin, Brendan Mikkelson - PP : Esa Lindell - PK : Christian Folin, Brendan Mikkelson
Penalty Shots
Eric Staal, Alexander Semin, Tanner Pearson, Patrik Berglund, Anders Lee
Scratches
David Savard (Healthy), Vladimir Sobotka (Healthy)
% Time on Ice - Canadiens
Lines # - Real PCT - Wanted PCT - Time Play
Normal Forward
1 - 36% - 40% - 17:51
2 - 27% - 30% - 13:38
3 - 21% - 20% - 10:25
4 - 16% - 10% - 7:59
Normal Defense
1 - 38% - 40% - 19:05
2 - 27% - 30% - 13:25
3 - 29% - 20% - 14:15
4 - 6% - 10% - 3:08
PP Forward
1 - 55% - 60% - 1:09
2 - 45% - 40% - 0:57
PP Defense
1 - 66% - 60% - 1:23
2 - 34% - 40% - 0:43
PK Forward
1 - 83% - 60% - 5:06
2 - 17% - 40% - 1:03
PK Defense
1 - 67% - 60% - 4:08
2 - 33% - 40% - 2:01
PK3 Forward
1 - 0% - 60%
2 - 0% - 40%
PK3 Defense
1 - 0% - 60%
2 - 0% - 40%
44 Forward
1 - 100% - 60% - 1:52
2 - 0% - 40% - 0:00
44 Defense
1 - 56% - 60% - 1:03
2 - 44% - 40% - 0:49
Last Minute Offensive - 0:00
Last Minute Defensive - 0:00
Total
Forward - 60:00
Defense - 60:00
|
% Time on Ice - Flames
Lines # - Real PCT - Wanted PCT - Time Play
Normal Forward
1 - 36% - 40% - 18:00
2 - 26% - 30% - 13:03
3 - 14% - 20% - 7:08
4 - 23% - 10% - 11:42
Normal Defense
1 - 41% - 40% - 20:31
2 - 29% - 31% - 14:37
3 - 23% - 22% - 11:18
4 - 7% - 7% - 3:27
PP Forward
1 - 60% - 60% - 3:43
2 - 40% - 40% - 2:26
PP Defense
1 - 49% - 60% - 3:02
2 - 51% - 40% - 3:07
PK Forward
1 - 86% - 60% - 1:48
2 - 14% - 40% - 0:18
PK Defense
1 - 70% - 60% - 1:28
2 - 30% - 40% - 0:38
PK3 Forward
1 - 0% - 60%
2 - 0% - 40%
PK3 Defense
1 - 0% - 60%
2 - 0% - 40%
44 Forward
1 - 81% - 60% - 1:31
2 - 19% - 40% - 0:21
44 Defense
1 - 59% - 60% - 1:06
2 - 41% - 40% - 0:46
Last Minute Offensive - 0:00
Last Minute Defensive - 0:00
Total
Forward - 60:00
Defense - 60:00
|
Play-by-Play
1st period
0:01 of 1st period - Evgeni Malkin wins face-off versus Eric Staal in neutral zone.
0:04 of 1st period - Erik Johnson is hit by Travis Hamonic and loses puck.
0:27 of 1st period - Greg Stewart is hit by Jimmy Hayes and loses puck.
1:15 of 1st period - Snap shot by Daniel Carcillo.
1:15 of 1st period - Shot Misses the Net.
1:35 of 1st period - Philip Larsen is hit by Alexander Semin and loses puck.
1:58 of 1st period - Snap shot by Greg Stewart.
1:58 of 1st period - Stopped by Henrik Lundqvist without a rebound.
1:59 of 1st period - Patrik Berglund wins face-off versus Mika Zibanejad in Flames zone.
2:04 of 1st period - Travis Hamonic is hit by Brad Marchand.
2:29 of 1st period - Brendan Mikkelson is hit by Nick Spaling.
2:33 of 1st period - Snap shot by Patrik Berglund.
2:33 of 1st period - Shot Blocked by Travis Hamonic.
2:35 of 1st period - Snap shot by Brad Marchand.
2:35 of 1st period - Shot Blocked by Jordan Szwarz.
2:39 of 1st period - Wrist shot by Patrik Berglund.
2:39 of 1st period - Goal by Patrik Berglund - Canadiens : 0 - Flames : 1.
2:40 of 1st period - David Backes wins face-off versus Evgeni Malkin in neutral zone.
3:13 of 1st period - Snap shot by Pierre-Marc Bouchard.
3:13 of 1st period - Shot Blocked by Sami Vatanen.
3:27 of 1st period - Snap shot by David Backes.
3:27 of 1st period - Shot Misses the Net.
3:29 of 1st period - Slapshot by Erik Johnson.
3:29 of 1st period - Shot Blocked by Philip Larsen.
3:51 of 1st period - Off-side.
3:52 of 1st period - Colin Wilson wins face-off versus Nick Spaling in neutral zone.
3:54 of 1st period - Off-side.
3:55 of 1st period - Nick Spaling wins face-off versus Colin Wilson in neutral zone.
3:58 of 1st period - Bryan Rust is hit by Travis Hamonic and loses puck.
4:46 of 1st period - Slapshot by Kyle Palmieri.
4:46 of 1st period - Shot Blocked by Brady Skjei.
4:48 of 1st period - Snap shot by Anders Lee.
4:48 of 1st period - Stopped by Kristers Gudlevskis without a rebound.
4:49 of 1st period - Mika Zibanejad wins face-off versus Colin Wilson in Canadiens zone.
4:49 of 1st period - Mika Zibanejad is hit by Colin Wilson.
4:52 of 1st period - Icing by Greg Stewart.
4:53 of 1st period - Colin Wilson wins face-off versus Mika Zibanejad in Canadiens zone.
5:19 of 1st period - Slapshot by Erik Johnson.
5:19 of 1st period - Stopped by Kristers Gudlevskis without a rebound.
5:20 of 1st period - Eric Staal wins face-off versus Evgeni Malkin in Canadiens zone.
5:37 of 1st period - Wrist shot by Chris Kreider.
5:37 of 1st period - Stopped by Henrik Lundqvist with a rebound.
5:45 of 1st period - Wrist shot by Evgeni Malkin.
5:45 of 1st period - Shot Misses the Net.
5:47 of 1st period - Snap shot by Chris Kreider.
5:47 of 1st period - Deflect By Evgeni Malkin.
5:47 of 1st period - Deflect By Christian Folin.
5:47 of 1st period - Shot Blocked by Esa Lindell.
5:47 of 1st period - Puck is out of play.
5:48 of 1st period - Patrik Berglund wins face-off versus Nick Spaling in Flames zone.
7:03 of 1st period - Backhand shot by Kyle Palmieri.
7:03 of 1st period - Stopped by Kristers Gudlevskis with a rebound.
7:49 of 1st period - Slapshot by Dave Bolland.
7:49 of 1st period - Shot Blocked by Colin Wilson.
9:12 of 1st period - Esa Lindell is hit by Brian Dumoulin and loses puck.
9:31 of 1st period - Slapshot by Patrik Berglund.
9:31 of 1st period - Stopped by Kristers Gudlevskis with a rebound.
9:33 of 1st period - Wrist shot by Jimmy Hayes.
9:33 of 1st period - Shot Misses the Net.
10:23 of 1st period - Slapshot by Erik Johnson.
10:23 of 1st period - Goal by Erik Johnson - Canadiens : 0 - Flames : 2.
10:24 of 1st period - Eric Staal wins face-off versus Evgeni Malkin in neutral zone.
10:43 of 1st period - Eric Staal is hit by Chris Kreider and loses puck.
11:22 of 1st period - Backhand shot by Daniel Carcillo.
11:22 of 1st period - Shot Blocked by Esa Lindell.
11:24 of 1st period - Wrist shot by Daniel Carcillo.
11:24 of 1st period - Shot Misses the Net.
11:36 of 1st period - Snap shot by Anders Lee.
11:36 of 1st period - Shot Misses the Net.
11:38 of 1st period - Snap shot by Kyle Palmieri.
11:38 of 1st period - Stopped by Kristers Gudlevskis without a rebound.
11:39 of 1st period - Anders Lee wins face-off versus Evgeni Malkin in Canadiens zone.
11:44 of 1st period - Snap shot by Anders Lee.
11:44 of 1st period - Shot Blocked by Philip Larsen.
11:46 of 1st period - Slapshot by Erik Johnson.
11:46 of 1st period - Deflect By Chris Kreider.
11:46 of 1st period - Stopped by Kristers Gudlevskis without a rebound.
11:47 of 1st period - Eric Staal wins face-off versus Evgeni Malkin in Canadiens zone.
11:56 of 1st period - Wrist shot by Eric Staal.
11:56 of 1st period - Stopped by Kristers Gudlevskis with a rebound.
12:01 of 1st period - Minor Penalty to Brian Dumoulin for Hooking.
12:02 of 1st period - Eric Staal wins face-off versus Dave Bolland in Canadiens zone.
12:34 of 1st period - Patrik Berglund is hit by Dave Bolland and loses puck.
14:01 of 1st period - Penalty to Brian Dumoulin is over, Brian Dumoulin is back on ice.
14:12 of 1st period - David Ullstrom is hit by Steve Downie and loses puck.
14:17 of 1st period - Wrist shot by Greg Stewart.
14:17 of 1st period - Stopped by Henrik Lundqvist with a rebound.
14:19 of 1st period - Slapshot by Brian Dumoulin.
14:19 of 1st period - Stopped by Henrik Lundqvist with a rebound.
14:21 of 1st period - Snap shot by Steve Downie.
14:21 of 1st period - Shot Misses the Net.
14:23 of 1st period - Slapshot by Travis Hamonic.
14:23 of 1st period - Stopped by Henrik Lundqvist without a rebound.
14:24 of 1st period - Anders Lee wins face-off versus Evgeni Malkin in Flames zone.
14:29 of 1st period - Snap shot by Anders Lee.
14:29 of 1st period - Stopped by Kristers Gudlevskis without a rebound.
14:30 of 1st period - Evgeni Malkin wins face-off versus Anders Lee in Canadiens zone.
14:37 of 1st period - Slapshot by Brady Skjei.
14:37 of 1st period - Shot Misses the Net.
14:39 of 1st period - Snap shot by Evgeni Malkin.
14:39 of 1st period - Shot Misses the Net.
14:41 of 1st period - Wrist shot by Chris Kreider.
14:41 of 1st period - Shot Misses the Net.
14:43 of 1st period - Slapshot by Chris Kreider.
14:43 of 1st period - Canadiens goal is going for a video replay.
14:43 of 1st period - The goal is refused. The goalkeeper has been pushed into the net together with the puck after making a save..
14:44 of 1st period - Evgeni Malkin wins face-off versus Eric Staal in Flames zone.
14:47 of 1st period - Slapshot by Chris Kreider.
14:47 of 1st period - Shot Misses the Net.
14:55 of 1st period - Snap shot by David Backes.
14:55 of 1st period - Deflect By Alexander Semin.
14:55 of 1st period - Shot Hit the Post.
14:55 of 1st period - Puck is out of play.
14:56 of 1st period - Eric Staal wins face-off versus Evgeni Malkin in Canadiens zone.
15:05 of 1st period - Brady Skjei is hit by Eric Staal and loses puck.
15:22 of 1st period - Brad Marchand is hit by Mika Zibanejad and loses puck.
15:43 of 1st period - Anders Lee is hit by Travis Hamonic and loses puck.
15:52 of 1st period - Slapshot by Jordan Szwarz.
15:52 of 1st period - Shot Misses the Net.
15:54 of 1st period - Slapshot by Brady Skjei.
15:54 of 1st period - Stopped by Henrik Lundqvist with a rebound.
16:30 of 1st period - Slapshot by Steve Downie.
16:30 of 1st period - Stopped by Henrik Lundqvist without a rebound.
16:31 of 1st period - Mika Zibanejad wins face-off versus Eric Staal in Flames zone.
18:22 of 1st period - Brian Dumoulin is hit by Brad Marchand and loses puck.
18:45 of 1st period - Snap shot by Tanner Pearson.
18:45 of 1st period - Shot Misses the Net.
19:21 of 1st period - Steve Downie is hit by David Backes and loses puck.
19:30 of 1st period - Snap shot by Steve Downie.
19:30 of 1st period - Shot Misses the Net.
Goals for this period are 0 for Canadiens vs 2 for Flames.
Shots for this period are 8 for Canadiens vs 10 for Flames.
2nd period
0:01 of 2nd period - Eric Staal wins face-off versus Evgeni Malkin in neutral zone.
0:37 of 2nd period - Wrist shot by Patrik Berglund.
0:37 of 2nd period - Stopped by Kristers Gudlevskis without a rebound.
0:38 of 2nd period - Eric Staal wins face-off versus Evgeni Malkin in Canadiens zone.
1:16 of 2nd period - Backhand shot by Brady Skjei.
1:16 of 2nd period - Shot Misses the Net.
1:18 of 2nd period - Snap shot by Brady Skjei.
1:18 of 2nd period - Shot Blocked by Bryan Rust.
1:30 of 2nd period - Snap shot by Sami Vatanen.
1:30 of 2nd period - Deflect By Jimmy Hayes.
1:30 of 2nd period - Goal by Jimmy Hayes - Canadiens : 0 - Flames : 3.
1:31 of 2nd period - Evgeni Malkin wins face-off versus Eric Staal in neutral zone.
1:34 of 2nd period - Slapshot by Travis Hamonic.
1:34 of 2nd period - Deflect By Eric Staal.
1:34 of 2nd period - Stopped by Henrik Lundqvist with a rebound.
1:36 of 2nd period - Wrist shot by Chris Kreider.
1:36 of 2nd period - Goal by Chris Kreider - Canadiens : 1 - Flames : 3.
1:37 of 2nd period - Eric Staal wins face-off versus Chris Kreider in neutral zone.
1:51 of 2nd period - Brady Skjei is hit by Colby Robak and loses puck.
2:06 of 2nd period - Icing by Travis Hamonic.
2:07 of 2nd period - Patrik Berglund wins face-off versus Mika Zibanejad in Canadiens zone.
2:28 of 2nd period - Wrist shot by Brad Marchand.
2:28 of 2nd period - Stopped by Kristers Gudlevskis without a rebound.
2:29 of 2nd period - Evgeni Malkin wins face-off versus Eric Staal in Canadiens zone.
2:55 of 2nd period - Patrik Berglund is hit by Jordan Szwarz.
3:43 of 2nd period - Slapshot by Esa Lindell.
3:43 of 2nd period - Shot Misses the Net.
3:45 of 2nd period - Slapshot by Christian Folin.
3:45 of 2nd period - Stopped by Kristers Gudlevskis without a rebound.
3:46 of 2nd period - Eric Staal wins face-off versus Evgeni Malkin in Canadiens zone.
4:26 of 2nd period - Snap shot by Daniel Carcillo.
4:26 of 2nd period - Shot Blocked by Bryan Rust.
4:44 of 2nd period - Jimmy Hayes is hit by Greg Stewart and loses puck.
4:45 of 2nd period - Jimmy Hayes from Flames is injured at 4:45 of 2nd period (Back Spasms).
4:46 of 2nd period - Evgeni Malkin wins face-off versus Eric Staal in Flames zone.
4:53 of 2nd period - Wrist shot by Phil Kessel.
4:53 of 2nd period - Shot Blocked by Sami Vatanen.
4:55 of 2nd period - Wrist shot by Chris Kreider.
4:55 of 2nd period - Shot Misses the Net.
4:57 of 2nd period - Snap shot by Evgeni Malkin.
4:57 of 2nd period - Stopped by Henrik Lundqvist with a rebound.
4:59 of 2nd period - Slapshot by Brady Skjei.
4:59 of 2nd period - Shot Blocked by Erik Johnson.
5:01 of 2nd period - Snap shot by Evgeni Malkin.
5:01 of 2nd period - Shot Misses the Net.
5:03 of 2nd period - Slapshot by Brady Skjei.
5:03 of 2nd period - Goal by Brady Skjei - Canadiens : 2 - Flames : 3.
5:04 of 2nd period - Eric Staal wins face-off versus Evgeni Malkin in neutral zone.
5:55 of 2nd period - Slapshot by Travis Hamonic.
5:55 of 2nd period - Stopped by Henrik Lundqvist without a rebound.
5:56 of 2nd period - Mika Zibanejad wins face-off versus Anders Lee in Flames zone.
6:39 of 2nd period - Wrist shot by Mika Zibanejad.
6:39 of 2nd period - Shot Blocked by Erik Johnson.
7:08 of 2nd period - Slapshot by Erik Johnson.
7:08 of 2nd period - Shot Misses the Net.
7:10 of 2nd period - Wrist shot by Anders Lee.
7:10 of 2nd period - Shot Misses the Net.
8:21 of 2nd period - Snap shot by Anders Lee.
8:21 of 2nd period - Stopped by Kristers Gudlevskis with a rebound.
8:23 of 2nd period - Snap shot by Erik Johnson.
8:23 of 2nd period - Stopped by Kristers Gudlevskis without a rebound.
8:24 of 2nd period - Evgeni Malkin wins face-off versus Eric Staal in Canadiens zone.
8:35 of 2nd period - Snap shot by Eric Staal.
8:35 of 2nd period - Stopped by Kristers Gudlevskis with a rebound.
8:37 of 2nd period - Snap shot by Alexander Semin.
8:37 of 2nd period - Stopped by Kristers Gudlevskis with a rebound.
9:13 of 2nd period - Esa Lindell is hit by Dave Bolland and loses puck.
9:35 of 2nd period - Icing by Evgeni Malkin.
9:36 of 2nd period - Eric Staal wins face-off versus Evgeni Malkin in Canadiens zone.
9:42 of 2nd period - Minor Penalty to Phil Kessel for Roughing.
9:43 of 2nd period - David Backes wins face-off versus Dave Bolland in Canadiens zone.
9:47 of 2nd period - Snap shot by Alexander Semin.
9:47 of 2nd period - Goal by Alexander Semin - Canadiens : 2 - Flames : 4.
9:47 of 2nd period - Allen York enters game.
9:48 of 2nd period - Eric Staal wins face-off versus Phil Kessel in neutral zone.
9:50 of 2nd period - Off-side.
9:51 of 2nd period - Evgeni Malkin wins face-off versus Eric Staal in neutral zone.
9:56 of 2nd period - Slapshot by Chris Kreider.
9:56 of 2nd period - Stopped by Henrik Lundqvist with a rebound.
10:02 of 2nd period - Snap shot by Alexander Semin.
10:02 of 2nd period - Stopped by Allen York without a rebound.
10:03 of 2nd period - Eric Staal wins face-off versus Evgeni Malkin in Canadiens zone.
10:10 of 2nd period - Wrist shot by David Backes.
10:10 of 2nd period - Shot Misses the Net.
10:12 of 2nd period - Wrist shot by David Backes.
10:12 of 2nd period - Shot Misses the Net.
10:30 of 2nd period - Travis Hamonic is hit by Patrik Berglund and loses puck.
11:08 of 2nd period - Icing by Anders Lee.
11:09 of 2nd period - Anders Lee wins face-off versus Dave Bolland in Flames zone.
11:23 of 2nd period - Icing by Dave Bolland.
11:24 of 2nd period - Dave Bolland wins face-off versus Bryan Rust in Canadiens zone.
12:05 of 2nd period - Snap shot by Pierre-Marc Bouchard.
12:05 of 2nd period - Shot Blocked by Alexander Semin.
12:07 of 2nd period - Slapshot by Brian Dumoulin.
12:07 of 2nd period - Stopped by Henrik Lundqvist with a rebound.
12:09 of 2nd period - Slapshot by Dave Bolland.
12:09 of 2nd period - Stopped by Henrik Lundqvist with a rebound.
12:11 of 2nd period - Snap shot by Dave Bolland.
12:11 of 2nd period - Stopped by Henrik Lundqvist without a rebound.
12:12 of 2nd period - Evgeni Malkin wins face-off versus Colin Wilson in Flames zone.
12:19 of 2nd period - Snap shot by Evgeni Malkin.
12:19 of 2nd period - Stopped by Henrik Lundqvist without a rebound.
12:20 of 2nd period - Evgeni Malkin wins face-off versus Colin Wilson in Flames zone.
12:21 of 2nd period - Wrist shot by Chris Kreider.
12:21 of 2nd period - Shot Misses the Net.
12:27 of 2nd period - Wrist shot by Tanner Pearson.
12:27 of 2nd period - Stopped by Allen York without a rebound.
12:28 of 2nd period - Eric Staal wins face-off versus Phil Kessel in Canadiens zone.
12:29 of 2nd period - Slapshot by David Backes.
12:29 of 2nd period - Stopped by Allen York with a rebound.
12:31 of 2nd period - Wrist shot by Eric Staal.
12:31 of 2nd period - Deflect By David Backes.
12:31 of 2nd period - Goal by David Backes - Canadiens : 2 - Flames : 5.
12:32 of 2nd period - Eric Staal wins face-off versus Evgeni Malkin in neutral zone.
13:26 of 2nd period - Mika Zibanejad is hit by David Ullstrom and loses puck.
13:33 of 2nd period - Slapshot by Mark Stuart.
13:33 of 2nd period - Shot Misses the Net.
14:59 of 2nd period - Snap shot by Evgeni Malkin.
14:59 of 2nd period - Shot Misses the Net.
15:36 of 2nd period - Snap shot by Anders Lee.
15:36 of 2nd period - Stopped by Allen York with a rebound.
15:38 of 2nd period - Wrist shot by Anders Lee.
15:38 of 2nd period - Shot Misses the Net.
15:51 of 2nd period - Off-side.
15:52 of 2nd period - Chris Kreider wins face-off versus Eric Staal in neutral zone.
17:10 of 2nd period - Snap shot by Evgeni Malkin.
17:10 of 2nd period - Stopped by Henrik Lundqvist without a rebound.
17:11 of 2nd period - Nick Spaling wins face-off versus Patrik Berglund in Flames zone.
17:24 of 2nd period - Snap shot by Brad Marchand.
17:24 of 2nd period - Stopped by Allen York with a rebound.
17:26 of 2nd period - Snap shot by Patrik Berglund.
17:26 of 2nd period - Shot Misses the Net.
18:03 of 2nd period - Slapshot by Colin Wilson.
18:03 of 2nd period - Goal by Colin Wilson - Canadiens : 2 - Flames : 6.
18:04 of 2nd period - Patrik Berglund wins face-off versus Nick Spaling in neutral zone.
18:06 of 2nd period - Off-side.
18:07 of 2nd period - Patrik Berglund wins face-off versus Jordan Szwarz in neutral zone.
18:10 of 2nd period - Slapshot by Erik Johnson.
18:10 of 2nd period - Stopped by Allen York with a rebound.
18:32 of 2nd period - Brad Marchand is hit by Steve Downie and loses puck.
18:39 of 2nd period - Slapshot by Erik Johnson.
18:39 of 2nd period - Deflect By Greg Stewart.
18:39 of 2nd period - Stopped by Allen York without a rebound.
18:40 of 2nd period - Chris Kreider wins face-off versus Eric Staal in Canadiens zone.
18:57 of 2nd period - Wrist shot by Eric Staal.
18:57 of 2nd period - Stopped by Allen York without a rebound.
18:58 of 2nd period - Nick Spaling wins face-off versus Patrik Berglund in Canadiens zone.
18:58 of 2nd period - Nick Spaling is hit by Brad Marchand.
19:32 of 2nd period - Snap shot by Phil Kessel.
19:32 of 2nd period - Shot Blocked by Christian Folin.
19:34 of 2nd period - Wrist shot by Chris Kreider.
19:34 of 2nd period - Goal by Chris Kreider - Canadiens : 3 - Flames : 6.
19:35 of 2nd period - Eric Staal wins face-off versus Chris Kreider in neutral zone.
19:44 of 2nd period - Wrist shot by Eric Staal.
19:44 of 2nd period - Shot Misses the Net.
19:46 of 2nd period - Snap shot by Eric Staal.
19:46 of 2nd period - Stopped by Allen York without a rebound.
19:47 of 2nd period - Eric Staal wins face-off versus Evgeni Malkin in Canadiens zone.
19:54 of 2nd period - Snap shot by David Backes.
19:54 of 2nd period - Stopped by Allen York with a rebound.
19:56 of 2nd period - Slapshot by Eric Staal.
19:56 of 2nd period - Stopped by Allen York without a rebound.
19:57 of 2nd period - Eric Staal wins face-off versus Evgeni Malkin in Canadiens zone.
Goals for this period are 3 for Canadiens vs 4 for Flames.
Shots for this period are 12 for Canadiens vs 22 for Flames.
3rd period
0:01 of 3rd period - Evgeni Malkin wins face-off versus Colin Wilson in neutral zone.
0:03 of 3rd period - Off-side.
0:04 of 3rd period - Colin Wilson wins face-off versus Evgeni Malkin in neutral zone.
0:13 of 3rd period - Snap shot by Tanner Pearson.
0:13 of 3rd period - Stopped by Allen York without a rebound.
0:14 of 3rd period - Evgeni Malkin wins face-off versus Eric Staal in Canadiens zone.
0:16 of 3rd period - Minor Penalty to Phil Kessel for Cross-checking.
0:17 of 3rd period - Alexander Semin wins face-off versus Dave Bolland in Canadiens zone.
0:19 of 3rd period - Wrist shot by David Backes.
0:19 of 3rd period - Shot Blocked by Bryce Lampman.
0:21 of 3rd period - Snap shot by Erik Johnson.
0:21 of 3rd period - Deflect By Eric Staal.
0:21 of 3rd period - Deflect By Daniel Carcillo.
0:21 of 3rd period - Shot Blocked by Dave Bolland.
0:21 of 3rd period - Puck is out of play.
0:22 of 3rd period - Eric Staal wins face-off versus Dave Bolland in Canadiens zone.
0:37 of 3rd period - Wrist shot by Eric Staal.
0:37 of 3rd period - Shot Misses the Net.
0:39 of 3rd period - Slapshot by Sami Vatanen.
0:39 of 3rd period - Deflect By Alexander Semin.
0:39 of 3rd period - Stopped by Allen York without a rebound.
0:40 of 3rd period - Patrik Berglund wins face-off versus Dave Bolland in Canadiens zone.
0:46 of 3rd period - Slapshot by Erik Johnson.
0:46 of 3rd period - Shot Misses the Net.
0:48 of 3rd period - Snap shot by Tanner Pearson.
0:48 of 3rd period - Shot Blocked by Dave Bolland.
0:50 of 3rd period - Snap shot by Erik Johnson.
0:50 of 3rd period - Shot Blocked by Daniel Carcillo.
0:52 of 3rd period - Slapshot by Colin Wilson.
0:52 of 3rd period - Stopped by Allen York without a rebound.
0:53 of 3rd period - Dave Bolland wins face-off versus Eric Staal in Canadiens zone.
1:36 of 3rd period - Snap shot by Colin Wilson.
1:36 of 3rd period - Stopped by Allen York without a rebound.
1:37 of 3rd period - Dave Bolland wins face-off versus Patrik Berglund in Canadiens zone.
2:16 of 3rd period - Penalty to Phil Kessel is over, Phil Kessel is back on ice.
3:14 of 3rd period - Brady Skjei is hit by Alexander Semin and loses puck.
4:17 of 3rd period - Snap shot by David Ullstrom.
4:17 of 3rd period - Shot Blocked by Chris Kreider.
4:35 of 3rd period - Snap shot by Jordan Szwarz.
4:35 of 3rd period - Stopped by Henrik Lundqvist without a rebound.
4:36 of 3rd period - Mika Zibanejad wins face-off versus Eric Staal in Flames zone.
4:47 of 3rd period - Backhand shot by Mika Zibanejad.
4:47 of 3rd period - Stopped by Henrik Lundqvist with a rebound.
4:49 of 3rd period - Slapshot by Brady Skjei.
4:49 of 3rd period - Stopped by Henrik Lundqvist with a rebound.
5:03 of 3rd period - Snap shot by Phil Kessel.
5:03 of 3rd period - Stopped by Henrik Lundqvist without a rebound.
5:04 of 3rd period - Patrik Berglund wins face-off versus Evgeni Malkin in Flames zone.
5:38 of 3rd period - Wrist shot by Mika Zibanejad.
5:38 of 3rd period - Stopped by Henrik Lundqvist without a rebound.
5:39 of 3rd period - Colin Wilson wins face-off versus Nick Spaling in Flames zone.
6:04 of 3rd period - Evgeni Malkin is hit by Erik Johnson and loses puck.
6:25 of 3rd period - Snap shot by Dave Bolland.
6:25 of 3rd period - Stopped by Henrik Lundqvist with a rebound.
6:27 of 3rd period - Snap shot by Jiri Sekac.
6:27 of 3rd period - Deflect By Dave Bolland.
6:27 of 3rd period - Stopped by Henrik Lundqvist with a rebound.
6:54 of 3rd period - Minor Penalty to Erik Johnson for Holding.
6:55 of 3rd period - Patrik Berglund wins face-off versus Chris Kreider in Flames zone.
7:11 of 3rd period - Bryan Rust is hit by Travis Hamonic and loses puck.
8:54 of 3rd period - Penalty to Erik Johnson is over, Erik Johnson is back on ice.
9:07 of 3rd period - Snap shot by Dave Bolland.
9:07 of 3rd period - Shot Misses the Net.
9:09 of 3rd period - Wrist shot by Philip Larsen.
9:09 of 3rd period - Stopped by Henrik Lundqvist with a rebound.
9:19 of 3rd period - Erik Johnson is hit by Bryce Lampman and loses puck.
9:30 of 3rd period - Slapshot by Anders Lee.
9:30 of 3rd period - Goal by Anders Lee - Canadiens : 3 - Flames : 7.
9:31 of 3rd period - Phil Kessel wins face-off versus Eric Staal in neutral zone.
11:11 of 3rd period - Snap shot by Tanner Pearson.
11:11 of 3rd period - Stopped by Allen York with a rebound.
11:47 of 3rd period - Snap shot by David Ullstrom.
11:47 of 3rd period - Shot Misses the Net.
11:49 of 3rd period - Minor Penalty to Daniel Carcillo for Slashing.
11:50 of 3rd period - Eric Staal wins face-off versus Dave Bolland in Canadiens zone.
12:27 of 3rd period - Slapshot by Patrik Berglund.
12:27 of 3rd period - Deflect By Tanner Pearson.
12:27 of 3rd period - Shot Hit the Post.
12:27 of 3rd period - Puck is out of play.
12:28 of 3rd period - Patrik Berglund wins face-off versus Dave Bolland in Canadiens zone.
13:05 of 3rd period - Snap shot by Evgeni Malkin.
13:05 of 3rd period - Shot Misses the Net.
13:41 of 3rd period - Wrist shot by David Backes.
13:41 of 3rd period - Shot Blocked by Mark Stuart.
13:43 of 3rd period - Slapshot by Christian Folin.
13:43 of 3rd period - Stopped by Allen York with a rebound.
13:45 of 3rd period - Slapshot by Esa Lindell.
13:45 of 3rd period - Shot Blocked by Greg Stewart.
13:47 of 3rd period - Slapshot by Christian Folin.
13:47 of 3rd period - Shot Blocked by Evgeni Malkin.
13:49 of 3rd period - Penalty to Daniel Carcillo is over, Daniel Carcillo is back on ice.
14:29 of 3rd period - Snap shot by David Backes.
14:29 of 3rd period - Stopped by Allen York with a rebound.
15:15 of 3rd period - Snap shot by David Backes.
15:15 of 3rd period - Stopped by Allen York without a rebound.
15:16 of 3rd period - Dave Bolland wins face-off versus Patrik Berglund in Canadiens zone.
16:22 of 3rd period - Icing by Brendan Mikkelson.
16:23 of 3rd period - Colin Wilson wins face-off versus Dave Bolland in Flames zone.
16:30 of 3rd period - Snap shot by Colby Robak.
16:30 of 3rd period - Stopped by Allen York with a rebound.
16:32 of 3rd period - Slapshot by Brendan Mikkelson.
16:32 of 3rd period - Stopped by Allen York without a rebound.
16:33 of 3rd period - Nick Spaling wins face-off versus Anders Lee in Canadiens zone.
16:33 of 3rd period - Nick Spaling is hit by David Ullstrom.
16:46 of 3rd period - Snap shot by David Ullstrom.
16:46 of 3rd period - Stopped by Allen York with a rebound.
16:48 of 3rd period - Wrist shot by David Ullstrom.
16:48 of 3rd period - Stopped by Allen York with a rebound.
17:04 of 3rd period - Slapshot by Erik Johnson.
17:04 of 3rd period - Stopped by Allen York with a rebound.
17:08 of 3rd period - Snap shot by David Ullstrom.
17:08 of 3rd period - Shot Misses the Net.
17:10 of 3rd period - Snap shot by David Ullstrom.
17:10 of 3rd period - Stopped by Allen York with a rebound.
17:12 of 3rd period - Snap shot by David Ullstrom.
17:12 of 3rd period - Deflect By Anders Lee.
17:12 of 3rd period - Stopped by Allen York with a rebound.
17:14 of 3rd period - Slapshot by David Ullstrom.
17:14 of 3rd period - Shot Misses the Net.
17:20 of 3rd period - Snap shot by Kyle Palmieri.
17:20 of 3rd period - Goal by Kyle Palmieri - Canadiens : 3 - Flames : 8.
17:21 of 3rd period - Dave Bolland wins face-off versus Patrik Berglund in neutral zone.
17:36 of 3rd period - Wrist shot by Dave Bolland.
17:36 of 3rd period - Shot Misses the Net.
17:38 of 3rd period - Slapshot by Pierre-Marc Bouchard.
17:38 of 3rd period - Deflect By Jiri Sekac.
17:38 of 3rd period - Shot Blocked by Brendan Mikkelson.
17:38 of 3rd period - Puck is out of play.
17:39 of 3rd period - Bryan Rust wins face-off versus Mika Zibanejad in Flames zone.
17:41 of 3rd period - Minor Penalty to Christian Folin for Tripping.
17:42 of 3rd period - Mika Zibanejad wins face-off versus Patrik Berglund in Flames zone.
17:48 of 3rd period - Minor Penalty to Chris Kreider for Roughing.
17:49 of 3rd period - Eric Staal wins face-off versus Evgeni Malkin in Canadiens zone.
17:54 of 3rd period - Snap shot by Eric Staal.
17:54 of 3rd period - Shot Misses the Net.
17:56 of 3rd period - Slapshot by Erik Johnson.
17:56 of 3rd period - Shot Blocked by Phil Kessel.
17:58 of 3rd period - Snap shot by David Backes.
17:58 of 3rd period - Stopped by Allen York with a rebound.
18:28 of 3rd period - Eric Staal is hit by Evgeni Malkin.
18:38 of 3rd period - Travis Hamonic is hit by Alexander Semin and loses puck.
18:45 of 3rd period - Patrik Berglund is hit by Dave Bolland and loses puck.
19:41 of 3rd period - Penalty to Christian Folin is over, Christian Folin is back on ice.
19:48 of 3rd period - Penalty to Chris Kreider is over, Chris Kreider is back on ice.
Goals for this period are 0 for Canadiens vs 2 for Flames.
Shots for this period are 8 for Canadiens vs 18 for Flames.
Output by the SimonT Hockey Simulator (STHS) for Francois Prevost